 Dungeon Crawl Stone Soup version 0.26.1-2-gb8aa6d0cf2 (webtiles) character file.

Game seed: 13602967160643311725

56 hawla the Conjurer (level 3, 0/28 HPs)
             Began as a Draconian Conjurer on Feb 24, 2021.
             Killed from afar by Natasha (7 damage)
             ... with a magic dart
             ... on level 2 of the Dungeon.
             The game lasted 00:05:15 (1486 turns).

hawla the Conjurer (Draconian Conjurer)             Turns: 1486, Time: 00:05:15

Health: 0/28       AC:  6    Str:  9    XL:     3   Next: 71%
Magic:  2/6        EV: 12    Int: 19    God:
Gold:   114        SH:  0    Dex:  9    Spells: 4/7 levels left

rFire    . . .     SeeInvis .   (no weapon)
rCold    . . .     Faith    .   (no shield)
rNeg     . . .     Spirit   .   (armour unavailable)
rPois    .         Reflect  .   (helmet restricted)
rElec    .         Harm     .   e - +0 cloak
rCorr    .         Rampage  .   (no gloves)
Will     .....                  (no boots)
Stlth    ++........             (no amulet)
HPRegen  0.09/turn              (no ring)
MPRegen  0.10/turn              (no ring)

@: slowed, very slow
A: unfitting armour, cold-blooded, AC +5
a: no special abilities


You were on level 2 of the Dungeon.
You visited 1 branch of the dungeon, and saw 2 of its levels.

You collected 114 gold pieces.

Inventory:

Armour
 e - a +0 cloak (worn)


   Skills:
 - Level 1.0 Fighting
 - Level 2.0 Dodging
 - Level 2.0 Stealth
 + Level 2.5 Spellcasting
 + Level 4.4 Conjurations
 + Level 1.4 Translocations


You had 4 spell levels left.
You knew the following spells:

 Your Spells              Type           Power        Failure   Level
a - Magic Dart            Conj           76%          2%          1
b - Searing Ray           Conj           38%          4%          2

Your spell library contained the following spells:

 Spells                   Type           Power        Failure   Level
 Dazzling Flash           Conj/Hex       20%          19%         3
 Iskenderun's Mystic Bla  Conj/Tloc      13%          43%         4
 Fulminant Prism          Conj/Hex       5%           54%         4


Dungeon Overview and Level Annotations

Branches:
Dungeon (2/15)

Altars:
Dithmenos
Gozag
Trog

Annotations:
D:2 Natasha


Innate Abilities, Weirdness & Mutations

Your plain brown scales are hard. (AC +5)
You cannot fit into any form of body armour.
You are cold-blooded and may be slowed by cold attacks.


Message History

Natasha growls.
Natasha casts a spell.
Natasha barely misses you.
You closely miss Natasha. Natasha claws you.
You closely miss Natasha. Natasha completely misses you.
You barely miss Natasha.
Your tail-slap misses Natasha.
Natasha casts a spell at you.
You feel yourself slow down.
You barely miss Natasha. Natasha claws you!
Natasha claws you but does no damage.
You barely miss Natasha.
Your tail-slap misses Natasha.
Natasha claws you.
* * * LOW HITPOINT WARNING * * *
Natasha misses you.
You aren't carrying any potions.
You aren't carrying any scrolls.
You aren't carrying any items that you can evoke.
Natasha casts a spell.
Natasha stares at you and mumbles some strange words.
The magic dart hits you!
You die...

### *,,,,,,,* *,,,,,,,,* *, ..#
*,,,,,,,* *,,,,,,,,* *, #.#
*,,,,,,,* *,,,,,,.,* *, ..#
*,,,,,,,* *,,,,,..,* *,
..######*,,,,,,,****,,,,...,* *,
........,,,,,,,,,,,',,,....,* **
.#####***,,,,,,,****,,....,,* *,
.....################..####*****,
................@..h55.....,,,,,>
##.#.###...###########(.###*****,
...#.†÷....# **,# ****,
#######)...#### *,** *,,,,
,*#...........# *,^* *,,,,
**#...........# *******,****,,,,
**#...........# *,,,,,,,,,,,,,,,
,.............# *,,,,,,,,,,,,,,,
..............# *,,,,,,,,,,,,,,,


You could see Natasha, a white imp (summoned) and a shadow imp (summoned).

Vanquished Creatures
  2 adders (D:2)
  2 worms (D:2)
  A leopard gecko (D:1)
  A ball python (D:1)
  4 goblins (D:1)
  5 hobgoblins
  A quokka (D:2)
  2 bats
  3 frilled lizards
  7 kobolds
  5 rats
33 creatures vanquished.

Notes
Turn   | Place    | Note
-------+----------+-------------------------------------------
     0 | D:1      | hawla the Draconian Conjurer began the quest for the Orb.
     0 | D:1      | Reached XP level 1. HP: 14/14 MP: 3/3
   403 | D:1      | Reached XP level 2. HP: 22/22 MP: 3/5
   689 | D:1      | Learned a level 2 spell: Searing Ray
   792 | D:1      | Reached skill level 1 in Fighting
  1030 | D:2      | Found a bloodstained altar of Trog.
  1030 | D:2      | Found an opulent altar of Gozag.
  1030 | D:2      | Found a shadowy altar of Dithmenos.
  1132 | D:2      | Reached skill level 1 in Translocations
  1132 | D:2      | Reached XP level 3. HP: 22/28 MP: 1/6
  1471 | D:2      | Noticed Natasha
  1486 | D:2      | Killed from afar by Natasha

Illustrated notes

Levels and vault maps discovered:
D:1:      lordsloth_arrival_two_stooges, layout_loops_cross,
          minmay_misc_feat_columns, minmay_indecisive_spiral
D:2:      layout_basic, nzn_hepliaklqana_mist_gate, grunt_temple_overflow_open,
          uniq_natasha

Skill      XL: |  1  2 |
---------------+-------+-----
Stealth        | 2 |  2.0
Dodging        | 2 |  2.0
Fighting       | 1 |  1.0
Translocations | 1 |  1.4
Spellcasting   | |  2.5
Conjurations   | |  4.4

Action                   || total
-------------------------++-------
Melee: Unarmed           ||    76
       Tailslap          ||     5
 Cast: Magic Dart        ||    32
       Searing Ray       ||    14
  Use: Scroll            ||     7
       Potion            ||     2
 Stab: Invisible         ||     2
Armor: Skin              ||    32
Dodge: Dodged            ||    92
